 Dungeon Crawl Stone Soup version 0.29-a0-284-gf9362112df (webtiles) character file.

Game seed: 9651211332122167308

28 spaghetti the Sneak (level 3, -2/26 HPs)
             Began as an Octopode Delver on Mar 22, 2022.
             Slain by a phantom (6 damage)
             ... on level 5 of the Dungeon.
             The game lasted 00:00:38 (64 turns).

spaghetti the Sneak (Octopode Delver)                 Turns: 64, Time: 00:00:39

Health: -2/26      AC:  1    Str: 11    XL:     3   Next: 12%
Magic:  3/3        EV: 10    Int: 12    God:
Gold:   7          SH:  0    Dex: 15    Spells: 2/2 levels left

rFire   . . .      SeeInvis .   a - +0 short sword {short}
rCold   . . .      Faith    .   (no shield)
rNeg    . . .      Spirit   .   (helmet restricted)
rPois   .          Reflect  .   (no amulet)
rElec   .          Harm     .   (no ring)
rCorr   .          Rampage  .   (no ring)
Will    .....                   (no ring)
Stlth   ++++++....              (no ring)
HPRegen 0.08/turn               (no ring)
MPRegen 0.08/turn               (no ring)
                                (no ring)
                                (no ring)

@: constricted
A: almost no armour, amphibious, 8 rings, camouflage 1, gelatinous body 1,
nimble swimmer 1, tentacles
a: no special abilities


You were on level 5 of the Dungeon.
You visited 1 branch of the dungeon, and saw 2 of its levels.

You collected 7 gold pieces.


Innate Abilities, Weirdness & Mutations

You cannot wear most types of armour.
You are amphibious.
You can wear up to eight rings at the same time.
Your skin changes colour to match your surroundings (Stealth+).
Your rubbery body absorbs attacks. (AC +1, EV +1)
You are camouflaged when in or above water. (Stealth+)
You have tentacles for arms and can constrict up to eight enemies at once.


   Skills:
 - Level 3.0 Fighting
 - Level 2.0 Short Blades
 - Level 2.0 Dodging
 + Level 7.9 Stealth


You had 2 spell levels left.
You didn't know any spells.
Your spell library was empty.

Inventory:

Hand Weapons
 a - a +0 short sword (weapon) {short}
 g - a +0 longbow {bow}
   (You found it on level 6 of the Dungeon)
Wands
 f - a wand of digging (3)
Scrolls
 b - a scroll of fog
 c - a scroll of magic mapping {!r}
Potions
 e - a potion of haste {@q3}

Dungeon Overview and Level Annotations

Branches:
Dungeon (6/15)
 Temple: D:4-7

Altars:

Portals:
Sewer: D:5

##.# #.##
#S.#########
##†........#
#......≈..#
#....≈..≈≈#
#....≈≈≈≈≈#
##..≈≈'W###
#..≈≈#S@B#
#...≈#rS≈#
#r≈r≈#≈≈≈#
##########


You could see a phantom, a giant cockroach, 2 ball pythons and a rat.


Message History

There is an entrance to an ossuary on this level.
Hurry and find it before the portal is buried!
You hear the sound of rushing water.
There is an entrance to a sewer on this level.
Hurry and find it before the portal rusts away!
There is a stone staircase leading down here.
Unknown command.
You see here a +0 chain mail.
A hound comes into view.
A rat and a ball python come into view.
A ball python comes into view.
You hear the slow hiss of a very distant avalanche of sand.
You hear the slow rusting of a drain very nearby.
The helpless hound fails to defend itself.
You puncture the hound! You grab the hound.
You constrict the hound, but do no damage.
The hound misses you.
You hit the hound.
You kill the hound!
Your Stealth skill increases to level 7!
You have reached level 2!
You have reached level 3!
Your experience leads to an increase in your attributes!
Increase (S)trength, (I)ntelligence, or (D)exterity?
You feel agile. x2 😎 HP[+10] MP[+2]
You now have 26 max hp (+10).
Your hp is fully restored (26).
Your mp is fully restored (3).
Unknown command.
The phantom attacks as you move away! The phantom hits you.
A rat comes into view.
The ball python hisses angrily. 😕 HP[-6]
You take 6 damage, and now have 20/26 hp.
MASSIVE DAMAGE!! (PAUSE) Unknown command.
The phantom attacks as you move away! The phantom hits you. 😮 HP[-2]
You take 2 damage, and now have 18/26 hp.
The ball python bites you. The ball python grabs you.
The ball python constricts you. 😮 HP[-2]
You take 2 damage, and now have 16/26 hp.
As you read the scroll of fear, it crumbles to dust.
You assume a fearsome visage.
The rat looks frightened!
The ball python looks frightened!
The ball python hisses angrily.
The ball python looks frightened!
The rat looks frightened!
The phantom is unaffected.
The ball python loses its grip on you. The phantom barely misses you.
Unknown command.
Unknown command.
Unknown command.
Cornered, the ball python turns to fight!
The phantom misses you. The ball python barely misses you.
The ball python grabs you.
The ball python constricts you. 😮 HP[-1]
You take 1 damage, and now have 15/26 hp.
You open the large door.
A giant cockroach, a rat and 2 ball pythons come into view.
The ball python bites you. The ball python constricts you.
* * * LOW HITPOINT WARNING * * *
The phantom hits you.
* * * LOW HITPOINT WARNING * * *
Found a glowing drain. 😨 HP[-3]
You take 3 damage, and now have 12/26 hp.
You escape the ball python's grasp.
The ball python closely misses you. The ball python grabs you.
The ball python constricts you.
* * * LOW HITPOINT WARNING * * *
The ball python hisses angrily.
There is a large open door here. 😨 HP[-1]
You take 1 damage, and now have 11/26 hp.
You escape the ball python's grasp.
The ball python hisses angrily.
The giant cockroach bites you.
* * * LOW HITPOINT WARNING * * *
The ball python barely misses you. The ball python grabs you.
The ball python constricts you.
* * * LOW HITPOINT WARNING * * *
The rat closely misses you. The giant cockroach bites you.
* * * LOW HITPOINT WARNING * * *
😨 HP[-4]
You take 4 damage, and now have 7/26 hp.
You barely miss the ball python. You grab the ball python.
You constrict the ball python. The ball python bites you.
* * * LOW HITPOINT WARNING * * *
The ball python constricts you.
* * * LOW HITPOINT WARNING * * *
The ball python bites you but does no damage.
The giant cockroach misses you. The ball python closely misses you.
The rat splashes around in the water.
The ball python barely misses you. The ball python constricts you.
* * * LOW HITPOINT WARNING * * *
The phantom hits you.
You die...

Skill      XL: |  1 |
---------------+----+-----
Stealth        | 7 |  7.9
Fighting       | |  3.0
Short Blades   | |  2.0
Dodging        | |  2.0

Action                   || total
-------------------------++-------
Melee: Short sword       ||     3
       Constrict         ||     2
  Use: Scroll            ||     1
 Stab: Sleeping          ||     1
Armor: Skin              ||     1
Dodge: Dodged            ||    11

Levels and vault maps discovered:
D:5:      layout_basic, serial_corexii_hall, corexii_hall_statues_u,
          corexii_hall_statues_deadend, portal_sewer_entry_e, enter_ossuary_2,
          lemuel_flamethrower_2
D:6:      layout_loops_ring, minmay_temple_entry_proselytizer,
          hangedman_minor_gate_pass, uniq_sigmund

Notes
Turn   | Place    | Note
-------+----------+-------------------------------------------
     0 | D:5      | spaghetti the Octopode Delver began the quest for the Orb.
     0 | D:5      | Reached XP level 1. HP: 16/16 MP: 1/1
     0 | D:5      | magus.rc [v1.9.6]
    13 | D:5      | Noticed a phantom
    23 | D:6      | Noticed a water moccasin
    45 | D:5      | Noticed a hound
    52 | D:5      | Killed a hound
    53 | D:5      | Reached skill level 7 in Stealth
    53 | D:5      | Reached XP level 2. HP: 21/21 MP: 2/2
    53 | D:5      | Reached XP level 3. HP: 26/26 MP: 3/3
    61 | D:5      | Found a glowing drain.
    64 | D:5      | HP: 6/26 [ball python (1)]
    64 | D:5      | Slain by a phantom

Vanquished Creatures
  A hound (D:5)
1 creature vanquished.

Vanquished Creatures (others)
  A quokka (D:5)
1 creature vanquished.

Grand Total: 2 creatures vanquished

Table legend:
 A = Non-vault XP
 B = Vault XP
 C = Vault XP percentage of total XP
 D = Non-vault monster count
 E = Vault monster count
 F = Vault count percentage of total count
                 A         B        C        D         E       F
            +---------+---------+-------+---------+---------+-------
      Total |      40 |       0 |   0.0 |       1 |       0 |   0.0
            +---------+---------+-------+---------+---------+-------
        D:5 |      40 |       0 |   0.0 |       1 |       0 |   0.0
            +---------+---------+-------+---------+---------+-------

Illustrated notes

Table legend:
 A = Kills in this place as a percentage of kills in entire the game.
 B = Kills by you in this place as a percentage of kills by you in the entire game.
 C = Kills by friends in this place as a percentage of kills by friends in the entire game.
 D = Other kills in this place as a percentage of other kills in the entire game.
 E = Experience gained in this place as a percentage of experience gained in the entire game.
 F = Experience gained in this place divided by the number of levels of this place that you have seen.
                   A       B       C       D       E      F
               +-------+-------+-------+-------+-------+----------------------
         Total | 100.0 | 100.0 |   N/A |   N/A | 100.0 |  20.0
       Dungeon | 100.0 | 100.0 |   N/A |   N/A | 100.0 |  20.0
               +-------+-------+-------+-------+-------+----------------------

Table legend: (Time is in decaauts)
 A = Elapsed time spent in this place.
 B = Non-inter-level travel time spent in this place.
 C = Inter-level travel time spent in this place.
 D = Time resting spent in this place.
 E = Time spent auto-exploring this place.
 F = Levels seen in this place.
 G = Mean time per level.
                   A        B        C        D        E       F      G
               +--------+--------+--------+--------+--------+-----+--------+
         Total |     65 |     65 |      0 |      0 |      6 |   2 |   32.5 |
       Dungeon |     65 |     65 |      0 |      0 |      6 |   2 |   32.5 |
               +--------+--------+--------+--------+--------+-----+--------+

Top non-repeatable levels by time:
     D:5: 46 daAuts
     D:6: 19 daAuts
